 Dungeon Sprint DCSS version 0.30-a0-304-gdc4b735fe1 (webtiles) character file.

Game seed: 7105018952404585950

422 Low2 the Spear-Bearer (level 6, -2/58 HPs)
             Began as a Minotaur Gladiator on Oct 20, 2022.
             Slain by a slime creature (16 damage)
             ... in the Dungeon (Sprint I: "Red Sonja").
             The game lasted 00:01:35 (470 turns).

Low2 the Spear-Bearer (Minotaur Gladiator)           Turns: 470, Time: 00:01:36

Health: -2/58      AC:  3    Str: 20    XL:     6   Next: 63%
Magic:  5/5        EV: 15    Int:  5    God:
Gold:   297        SH:  0    Dex: 12    Spells: 5/5 levels left

rFire   . . .      SeeInvis .    m - +0 whip (freeze)
rCold   . . .      Faith    .    (no shield)
rNeg    . . .      Spirit   .    b - +0 leather armour
rPois   .          Reflect  .    c - +0 hat
rElec   .          Harm     .    (no cloak)
rCorr   .          Rampage  .    (no gloves)
Will    .....      NoTele   +    (no boots)
Stlth   +.........               (no amulet)
HPRegen 0.29/turn                (no ring)
MPRegen 0.09/turn                (no ring)

@: no status effects
A: horns 2, retaliatory headbutt
a: no special abilities


You were in the Dungeon.
You visited 1 branch You collected 297 gold pieces.

Inventory:

Hand Weapons
 a - a +0 trident
 m - a +0 whip of freezing (weapon)
Armour
 b - a +0 leather armour (worn)
 c - a +0 hat (worn)
Wands
 f - a wand of mindburst (13)
Scrolls
 k - a scroll of blinking
Potions
 e - a potion of brilliance {unknown}
 h - a potion of haste
 i - 2 potions of magic
 j - a potion of berserk rage


   Skills:
 + Level 6.6 Fighting
 + Level 0.6 Maces & Flails
 + Level 11.1 Polearms
 + Level 5.6 Throwing
 + Level 2.9 Armour
 + Level 9.4 Dodging
 + Level 0.1 Stealth


You had 5 spell levels left.
You didn't know any spells.
Your spell library was empty.

Dungeon Overview and Level Annotations

Branches:
Dungeon (1/1)

Altars:
Cheibriados
Dithmenos
Elyvilon
Fedhas
Gozag
Hepliaklqana
Kikubaaqudgha
Makhleb
Nemelex Xobeh
Okawaru
Qazlal
Ru
Sif Muna
Trog
Uskayaw
Vehumet
Wu Jian
Xom
Yredelemnul
Zin
The Shining One
Jiyva
Lugonu

Shops:
D [


Innate Abilities, Weirdness & Mutations

You have a pair of horns on your head.
You reflexively headbutt those who attack you in melee.


Message History

There is an entrance to Qerijot's Antique Armour Emporium here.
There is an iron altar of Okawaru here.
There is a bloodstained altar of Trog here.
There is a blossoming altar of Fedhas here.
There is a stormy altar of Qazlal here.
There is an open door, spattered with blood here.
You see here a yak corpse.
There is a shimmering blue altar of Sif Muna here.
There is an open door here.
You open the door.
A slime creature comes into view.
The slime creature quivers.
Found four altars.
The slime creature closely misses you.
There is an open door here.
You hit the slime creature but do no damage.
The slime creature hits you!
You whack the slime creature! You freeze the slime creature.
You punch the slime creature.
The slime creature is moderately wounded.
The slime creature hits you!
You completely miss the slime creature.
The slime creature is lightly wounded.
The slime creature hits you.
You feel much better.
The slime creature hits you but does no damage.
You whack the slime creature! You freeze the slime creature.
You headbutt the slime creature.
The slime creature is heavily wounded.
The slime creature hits you!
You hit the slime creature but do no damage.
You headbutt the slime creature.
The slime creature is heavily wounded.
The slime creature barely misses you. The slime creature hits you!
You hit the slime creature. You freeze the slime creature.
The slime creature is heavily wounded.
The slime creature hits you!!
* * * LOW HITPOINT WARNING * * *
You feel better. The slime creature hits you!
You die...

###################
#<.#..').#..'..#__#
#..').#..').#..@J.+
#..#####'#####'#__#
#..####..#...#.####
#..#__####..##.#
#..#_____##'#_.+
#⌠⌠#_.∩...†..._#
####_..__##_.#'#
#_____###+#.#
####### ###


You could see a slime creature.

Vanquished Creatures
  Sigmund (D)
  A yak (D)
  An ogre (D)
  A jelly (D)
  Ijyb (D)
5 creatures vanquished.

Notes
Turn   | Place    | Note
-------+----------+-------------------------------------------
     0 | D        | Low2 the Minotaur Gladiator began the quest for the Orb.
     0 | D        | Reached XP level 1. HP: 18/18 MP: 0/0
     2 | D        | Noticed Ijyb
    14 | D        | Killed Ijyb
    15 | D        | Reached skill level 5 in Polearms
    15 | D        | Reached skill level 5 in Dodging
    15 | D        | Reached XP level 2. HP: 16/26 MP: 1/1
    55 | D        | Noticed an ogre
    61 | D        | Killed an ogre
    62 | D        | Reached skill level 7 in Polearms
    62 | D        | Reached XP level 3. HP: 34/34 MP: 2/2
    62 | D        | Reached XP level 4. HP: 41/41 MP: 3/3
   176 | D        | Noticed Sigmund
   185 | D        | Killed Sigmund
   186 | D        | Reached skill level 5 in Fighting
   186 | D        | Reached skill level 9 in Polearms
   186 | D        | Reached skill level 1 in Armour
   186 | D        | Reached XP level 5. HP: 45/50 MP: 4/4
   215 | D        | Found an ornate altar of the Wu Jian Council.
   215 | D        | Found a shimmering blue altar of Sif Muna.
   217 | D        | Found a radiant altar of Vehumet.
   226 | D        | Reached skill level 10 in Polearms
   226 | D        | Reached skill level 5 in Throwing
   226 | D        | Reached XP level 6. HP: 22/57 MP: 5/5
   370 | D        | Found Qerijot's Antique Armour Emporium.
   370 | D        | Found an ancient bone altar of Kikubaaqudgha.
   370 | D        | Found a hazy altar of Hepliaklqana.
   370 | D        | Found a stormy altar of Qazlal.
   370 | D        | Found a hide-covered altar of Uskayaw.
   370 | D        | Found a blossoming altar of Fedhas.
   370 | D        | Found a bloodstained altar of Trog.
   370 | D        | Found an iron altar of Okawaru.
   370 | D        | Found a basalt altar of Yredelemnul.
   370 | D        | Found a glowing golden altar of the Shining One.
   370 | D        | Found a snail-covered altar of Cheibriados.
   370 | D        | Found a sacrificial altar of Ru.
   370 | D        | Found a glowing silver altar of Zin.
   370 | D        | Found a shadowy altar of Dithmenos.
   370 | D        | Found a white marble altar of Elyvilon.
   370 | D        | Noticed a yak
   379 | D        | Killed a yak
   380 | D        | Reached skill level 11 in Polearms
   437 | D        | Found an opulent altar of Gozag.
   438 | D        | Found a sparkling altar of Nemelex Xobeh.
   461 | D        | Found a burning altar of Makhleb.
   461 | D        | Found a viscous altar of Jiyva.
   461 | D        | Found a shimmering altar of Xom.
   461 | D        | Found a corrupted altar of Lugonu.
   461 | D        | Noticed a slime creature
   470 | D        | Slain by a slime creature

Illustrated notes

Levels and vault maps discovered:
D:        dungeon_sprint_1 [red_sonja_temple_1, red_sonja_temple_small_1]

Skill      XL: |  1  2  3  4  5  6 |
---------------+-------------------+-----
Fighting       | 3 4 5 6 |  6.6
Polearms       | 5 7 9 10 11 | 11.1
Dodging        | 5 6 8 9 |  9.4
Throwing       | 3 4 5 |  5.6
Armour         | 1 2 |  2.9
Maces & Flails | |  0.6
Stealth        | |  0.1

Action                   |  1- 3 |  4- 6 || total
-------------------------+-------+-------++-------
Melee: Trident           |    12 |    11 ||    23
       Headbutt          |     3 |     8 ||    11
       Whip              |       |    14 ||    14
       Punch             |       |     1 ||     1
Throw: Throwing net      |     3 |     2 ||     5
       Javelin           |       |     1 ||     1
  Use: Potion            |     1 |     2 ||     3
 Stab: Held in net/web   |       |     1 ||     1
Armor: Leather armour    |       |     2 ||     2
Dodge: Dodged            |     1 |     6 ||     7

Table legend: (Time is in decaauts)
 A = Elapsed time spent in this place.
 B = Non-inter-level travel time spent in this place.
 C = Inter-level travel time spent in this place.
 D = Time resting spent in this place.
 E = Time spent auto-exploring this place.
 F = Levels seen in this place.
 G = Mean time per level.
                   A        B        C        D        E       F      G
               +--------+--------+--------+--------+--------+-----+--------+
         Total |    470 |    470 |      0 |    318 |      0 |   1 |  470.0 |
       Dungeon |    470 |    470 |      0 |    318 |      0 |   1 |  470.0 |
               +--------+--------+--------+--------+--------+-----+--------+

Top non-repeatable levels by time:
       D: 470 daAuts
